AoeStats
← KRISH_95

Arabia

509878387Analyzed
1v1 RM · 4d ago on Sep 28, 2026· 47m 18s· 2 players
Game mode
Random Map
Map size
Tiny (2 player)
Population
200
Speed
Normal
Resources
Standard
Victory
Conquest
Starting age
Dark Age
Ending age
Imperial Age
RankedLock teamsTeams togetherTeam positionsShared explorationLock speedFull tech treeHidden civsTurbo modeCheats
Victory
Defeat
🇨🇳 Turks · China
1054
+15
🇮🇳 Teutons · India
1039
-15
KRISH_95
11:33 Feudal Age
11:50 Loom
19:03 Castle Age
20:05 Bloodlines
22:23 Double-Bit Axe
24:35 Forging
24:31 Scale Barding Armor
27:14 Wheelbarrow
26:26 Town Watch
29:10 Horse Collar
29:44 Bow Saw
30:13 Chain Barding Armor
30:28 Iron Casting
31:05 Hand Cart
33:41 Fletching
38:06 Imperial Age
38:14 Bodkin Arrow
38:20 Scale Mail Armor
40:59 Imperial Age
42:42 Plate Barding Armor
42:05 Cavalier
44:17 Paladin
46:09 Ballistics
46:49 Chemistry
46:54 Blast Furnace
16466207
2:00 Loom
10:19 Feudal Age
10:57 Double-Bit Axe
20:14 Castle Age
18:12 Horse Collar
19:25 Stone Mining
19:38 Gold Mining
20:30 Wheelbarrow
21:40 Town Watch
22:08 Bow Saw
23:15 Bloodlines
24:09 Fervor
26:10 Gold Shaft Mining
26:37 Sanctity
28:03 Hand Cart
28:32 Husbandry
28:35 Heavy Plow
30:13 Squires
30:34 Scale Barding Armor
34:14 Imperial Age
32:11 Fletching
32:21 Scale Mail Armor
32:22 Padded Archer Armor
32:33 Forging
33:46 Chain Barding Armor
33:14 Arson
34:01 Town Patrol
34:34 Sipahi
34:38 Leather Archer Armor
34:07 Treadmill Crane
34:47 Ballistics
34:24 Murder Holes
36:08 Two-Man Saw
35:34 Bombard Tower
35:27 Fortified Wall
35:49 Conscription
35:06 Elite Janissary
36:37 Iron Casting
36:21 Chain Mail Armor
39:01 Plate Mail Armor
40:08 Bombard Tower
40:54 Plate Barding Armor
40:55 Iron Casting
43:55 Blast Furnace
43:27 Heavy Camel Rider
44:44 Bodkin Arrow
47:17 Bracer
Connection lost

Rejoining the realm…

Still unreachable

The connection could not be restored.

Session expired

The server has moved on; the page needs a fresh start.